 Dungeon Crawl Stone Soup version 0.29.1-1-gd02db6906a (webtiles) character file.

Game seed: 10701740757729793707

277 Ashen the Chiller (level 6, 44/44 HPs)
             Began as a Demonspawn Ice Elementalist on Oct 20, 2022.
             Was an Initiate of Vehumet.
             Got out of the dungeon alive.
             The game lasted 00:07:00 (4911 turns).

Ashen the Chiller (Demonspawn Ice Elementalist)     Turns: 4911, Time: 00:07:00

Health: 44/44      AC:  3    Str:  9    XL:     6   Next: 4%
Magic:  10/10      EV: 12    Int: 24    God:    Vehumet [......]
Gold:   177        SH:  0    Dex: 13    Spells: 7/11 levels left

rFire   . . .      SeeInvis .   c - +0 mace
rCold   . . .      Faith    .   (no shield)
rNeg    . . .      Spirit   .   t - +0 leather armour
rPois   .          Reflect  .   (helmet restricted)
rElec   .          Harm     .   (no cloak)
rCorr   .          Rampage  .   (no gloves)
Will    .....                   (no boots)
Stlth   ++........              (no amulet)
HPRegen 0.14/turn               o - +6 ring of intelligence
MPRegen 0.12/turn               (no ring)

@: no status effects
A: antennae 2, spiny 1, demonic magic 1
a: Renounce Religion


You escaped.
You worshipped Vehumet.
Vehumet was noncommittal.
You visited 1 branch of the dungeon, and saw 5 of its levels.

You collected 177 gold pieces.

Inventory:

Hand Weapons
 c - a +0 mace (weapon)
Missiles
 q - 2 throwing nets
Armour
 a - a +0 robe
 t - a +0 leather armour (worn)
Magical Staves
 b - a staff of conjuration
Jewellery
 o - a +6 ring of intelligence (left hand)
Scrolls
 d - a scroll of brand weapon {unknown}
 e - 6 scrolls of identify {unknown}
 f - a scroll of enchant weapon {unknown}
 h - a scroll of immolation {unknown}
 l - a scroll of fear {unknown}
 m - 3 scrolls of teleportation {unknown}
 u - a scroll of blinking {unknown}
 x - a scroll of noise {unknown}
Potions
 g - 2 potions of brilliance {unknown}
 i - a potion of haste {unknown}
 j - a potion of ambrosia {unknown}
 k - 4 potions of mutation {unknown}
 n - 2 potions of heal wounds {unknown}
 p - 4 potions of curing {unknown}
 r - a potion of experience {unknown}
 s - a potion of flight {unknown}
 v - a potion of might {unknown}
 w - a potion of resistance {unknown}


   Skills:
 + Level 2.2 Fighting
 + Level 3.0 Dodging
 + Level 3.2 Stealth
 + Level 3.1 Spellcasting
 + Level 4.4 Ice Magic


You had 7 spell levels left.
You knew the following spells:

 Your Spells              Type           Power      Damage    Failure   Level
a - Freeze                Ice            100%       1d11      2%          1
b - Frozen Ramparts       Ice            50%        1d8       8%          3

Your spell library contained the following spells:

 Spells                   Type           Power      Damage    Failure   Level
 Ozocubu's Armour         Ice            25%        N/A       8%          3
 Necrotise                Necr           12%        1d4       16%         1
 Blink                    Tloc           6%         N/A       22%         2
 Lesser Beckoning         Tloc           3%         N/A       41%         3
 Vampiric Draining        Necr           3%         2d6       41%         3
 Hailstorm                Conj/Ice       14%        3d5       52%         4
 Agony                    Necr           3%         N/A       99%         5
 Manifold Assault         Tloc           3%         N/A       99%         5


Dungeon Overview and Level Annotations

Branches:
Dungeon (5/15)
 Temple: D:4-7

Altars:
Ashenzari
Cheibriados
Dithmenos
Gozag
Kikubaaqudgha
Makhleb
Trog
Uskayaw
Vehumet


Innate Abilities, Weirdness & Mutations

You have a pair of antennae on your head.
You are partially covered in sharp spines.
Spells you cast may paralyse adjacent enemies.


Message History

Aiming: Freeze (safe; 2% risk of failure)
Press: ? - help, Shift-Dir - straight line, f - hound
Aim: a hound (moderately wounded)
You freeze the hound!
The hound is severely wounded.
The hound bites you.
Casting: Freeze (safe; 2% risk of failure)
Confirm with . or Enter, or press ? or * to list all spells.
Aiming: Freeze (safe; 2% risk of failure)
Press: ? - help, Shift-Dir - straight line, f/p - hound
Aim: a hound (severely wounded)
You freeze the hound!
You kill the hound!
Your Dodging skill increases to level 3!
You have reached level 6!
Your demonic ancestry asserts itself...
A menacing aura infuses your magic.
There is a radiant altar of Vehumet here.
You kneel at the altar of Vehumet.
Vehumet welcomes you!
(D) Dungeon
Where to? (Enter - D:4 @ (x,y), ? - help)
What level of the Dungeon? (default 1, ? - help)
There is a stone staircase leading up here.
You climb upwards.
Magic restored.
There is a stone staircase leading down here.
There is an open door here.
There is a stone staircase leading up here.
You climb upwards.
There is a stone staircase leading down here.
There is a stone staircase leading up here.
You climb upwards.
There is a stone staircase leading down here.
There is a stone staircase leading up here.
You climb upwards.
There is a stone staircase leading down here.
There is an open door here.
There is a staircase leading out of the dungeon here.
Are you sure you want to leave the Dungeon?
This will make you lose the game!
You have escaped!

....##..#####§≈≈≈≈≈≈#####..###..#
#####.### #≈≈≈.....≈≈≈# ###.###.#
#.## #..§....§...# ##.##.. #.#
######'###### #.##.. ##.#####
###8'8#8### #####.##..
#.##...###.........###..≈##.#..
#.#....##...........##..≈≈#.##.
#.#....#............'#...≈#.##.
#.'...........@.....8(...≈+....
#.#....#............##...≈#.###
#.#....##...........##..≈≈#.#
#.##...###.........###..≈##.#
##.##### ####8'8#### ######.# #.#
######'###### #.## #.##
#...§(.....§# ##.# ##.###
#≈≈≈...(.§≈§# ###.##
##..#####≈≈≈≈≈≈≈#####..##


There were no monsters in sight!

Vanquished Creatures
  3 hounds
  An iguana (D:4)
  Natasha (twice) (D:3)
  4 adders
  2 worms (D:3)
  3 dart slugs
  8 endoplasms
  5 giant cockroaches
  5 goblins
  13 hobgoblins
  5 quokkas
  6 ball pythons
  3 bats
  2 frilled lizards (D:2)
  6 kobolds
68 creatures vanquished.

Notes
Turn   | Place    | Note
-------+----------+-------------------------------------------
     0 | D:1      | Ashen the Demonspawn Ice Elementalist began the quest for
                  | the Orb.
     0 | D:1      | Reached XP level 1. HP: 13/13 MP: 3/3
   367 | D:1      | Gained mutation: You have a pair of small antennae on your
                  | head. [demonic ancestry]
   367 | D:1      | Reached XP level 2. HP: 19/19 MP: 0/5
  1352 | D:1      | Reached XP level 3. HP: 22/25 MP: 4/6
  1824 | D:2      | Learned a level 3 spell: Frozen Ramparts
  2268 | D:2      | Reached skill level 1 in Fighting
  2484 | D:2      | Found a faded altar of an unknown god.
  2500 | D:2      | Reached skill level 4 in Ice Magic
  2583 | D:3      | Gained mutation: You have a pair of antennae on your head.
                  | [demonic ancestry]
  2583 | D:3      | Reached XP level 4. HP: 28/32 MP: 4/7
  3345 | D:3      | Noticed Natasha
  3352 | D:3      | Killed Natasha
  3512 | D:3      | Noticed Natasha
  3520 | D:3      | Killed Natasha
  3521 | D:3      | Gained mutation: You are partially covered in sharp spines.
                  | [demonic ancestry]
  3521 | D:3      | Reached XP level 5. HP: 34/38 MP: 5/9
  4100 | D:4      | Found a burning altar of Makhleb.
  4235 | D:4      | Found a shadowy altar of Dithmenos.
  4259 | D:4      | Found an opulent altar of Gozag.
  4262 | D:4      | Found a broken altar of Ashenzari.
  4272 | D:4      | Found an ancient bone altar of Kikubaaqudgha.
  4280 | D:4      | Found a snail-covered altar of Cheibriados.
  4285 | D:4      | Found a hide-covered altar of Uskayaw.
  4684 | D:4      | Found a bloodstained altar of Trog.
  4756 | D:5      | Entered Level 5 of the Dungeon
  4762 | D:5      | Found a radiant altar of Vehumet.
  4766 | D:5      | Gained mutation: Spells you cast may paralyse adjacent
                  | enemies. [demonic ancestry]
  4766 | D:5      | Reached XP level 6. HP: 43/44 MP: 7/10
  4773 | D:5      | Became a worshipper of Vehumet
  4911 | D:$      | Got out of the dungeon alive.

Illustrated notes

Levels and vault maps discovered:
D:1:      dpeg_arrival_morbid_curiosity, layout_basic
D:2:      layout_loops_cross, basic_ecumenical_altar
D:3:      layout_loops_ring, uniq_natasha
D:4:      layout_basic, grunt_dithmenos_smoke, general_overflow_altar,
          nicolae_overflow_hallway_of_the_gods, bloody_makhleb
D:5:      layout_basic, lemuel_crystal_altar, minmay_misc_feat_doors,
          kennysheep_flooded_box

Skill      XL: |  1  2  3  4  5 |
---------------+----------------+-----
Dodging        | 2 3 |  3.0
Stealth        | 2 3 |  3.2
Fighting       | 1 2 |  2.2
Ice Magic      | 4 |  4.4
Spellcasting   | 3 |  3.1

Action                   |  1- 3 |  4- 6 || total
-------------------------+-------+-------++-------
Melee: Unarmed           |     7 |       ||     7
       Mace              |    28 |    17 ||    45
 Cast: Freeze            |    52 |    47 ||    99
  Use: Potion            |     1 |       ||     1
 Stab: Sleeping          |     7 |     3 ||    10
       Distracted        |       |     1 ||     1
Armor: Robe              |    22 |    10 ||    32
Dodge: Dodged            |    52 |    37 ||    89
